 Dungeon Crawl Stone Soup version 0.26-a0-757-g626ac9e51a (webtiles) character file.

Game seed: 2561693974777478561

47 mhtbhm the Covered (level 3, -4/33 HPs)
             Began as a Minotaur Fighter on Nov 7, 2020.
             Killed from afar by Sigmund (10 damage)
             ... with a puff of flame
             ... on level 2 of the Dungeon.
             The game lasted 00:01:41 (1415 turns).

mhtbhm the Covered (Minotaur Fighter)               Turns: 1415, Time: 00:01:42

Health: -4/33      AC:  5    Str: 21    XL:     3   Next: 48%
Magic:  2/2        EV:  8    Int:  5    God:
Gold:   66         SH:  0    Dex:  9    Spells: 2/2 levels left

rFire    . . .     SeeInvis .   a - +0 war axe
rCold    . . .     Faith    .   c - +0 kite shield
rNeg     . . .     Spirit   .   b - +0 ring mail (curse)
rPois    .         Reflect  .   (helmet restricted)
rElec    .         Harm     .   (no cloak)
rCorr    .         Rampage  .   (no gloves)
MR       .....                  (no boots)
Stlth    ..........             (no amulet)
HPRegen  0.11/turn              (no ring)
MPRegen  0.08/turn              (no ring)

@: confused, mighty
A: retaliatory headbutt, horns 2
a: no special abilities


You were on level 2 of the Dungeon.
You visited 1 branch of the dungeon, and saw 2 of its levels.

You collected 66 gold pieces.

Inventory:

Hand Weapons
 a - a +0 war axe (weapon)
Armour
 b - a cursed +0 ring mail (worn)
 c - a +0 kite shield (worn)
Jewellery
 i - an uncursed amulet of faith
Potions
 d - a potion of might
 h - a potion of curing {unknown}
 j - a potion of magic {unknown}


   Skills:
 + Level 4.1 Fighting
 + Level 3.3 Axes
 + Level 4.1 Armour
 + Level 0.3 Dodging
 + Level 4.0 Shields


You had 2 spell levels left.
You didn't know any spells.
Your spell library was empty.

Dungeon Overview and Level Annotations

Branches:
Dungeon (2/15)

Altars:

Annotations:
D:2 Sigmund


Innate Abilities, Weirdness & Mutations

You reflexively headbutt those who attack you in melee.
You have a pair of horns on your head.


Message History

You hear some strange, mumbled words.
You are confused.
You hear a zap.
Something tries to affect you, but you resist.
The now-empty wand crumbles to dust.
Something hits you.
* * * LOW HITPOINT WARNING * * *
You bump into the rock wall.
You hear some strange, mumbled words.
You are more confused.
You bump into the rock wall.
Something hits you.
* * * LOW HITPOINT WARNING * * *
You bump into the rock wall.
You hear some strange, mumbled words.
Something tries to affect you, but you resist.
You're too confused to move!
You hear some strange, mumbled words.
A puff of flame appears from out of thin air!
The puff of flame hits you!
You die...

#######.#####.....#
#.........+
###.#.....#
#.#.....# #.#.....#
#.#.##### #.#.#
#.#.#########.
#.....@.......
#...{.........
##............
+............
#............
##+#######... ...
#.


There were no monsters in sight!

Vanquished Creatures
  A worm (D:2)
  A dart slug (D:1)
  3 leopard geckos
  A ball python (D:1)
  2 giant cockroaches
  6 goblins
  6 hobgoblins
  4 kobolds
  6 bats
  5 frilled lizards
  2 rats (D:1)
37 creatures vanquished.

Notes
Turn   | Place    | Note
-------+----------+-------------------------------------------
     0 | D:1      | mhtbhm the Minotaur Fighter began the quest for the Orb.
     0 | D:1      | Reached XP level 1. HP: 19/19 MP: 0/0
   256 | D:1      | Reached XP level 2. HP: 18/27 MP: 1/1
   591 | D:1      | Reached XP level 3. HP: 31/33 MP: 2/2
  1374 | D:2      | Noticed Sigmund
  1415 | D:2      | Killed from afar by Sigmund

Illustrated notes

Levels and vault maps discovered:
D:1:      mrwooster_arrival_arrow, layout_basic
D:2:      layout_basic, led_sif_pool, nicolae_overflow_hidden_temple,
          nemelex_xobeh_ov_fountains_minmay, uniq_terence, uniq_sigmund,
          uniq_robin

Skill      XL: |  1  2 |
---------------+-------+-----
Armour         | 4 |  4.1
Axes           | 3 |  3.3
Shields        | 4 |  4.0
Fighting       | 4 |  4.1
Dodging        | |  0.3

Action                   || total
-------------------------++-------
Melee: War axe           ||    97
       Headbutt          ||     9
  Use: Scroll            ||     2
       Potion            ||     1
Armor: Scale mail        ||    42
       Ring mail         ||     6
       Skin              ||     1
Dodge: Dodged            ||    33
Block: Kite shield       ||    60

Table legend: (Time is in decaauts)
 A = Elapsed time spent in this place.
 B = Non-inter-level travel time spent in this place.
 C = Inter-level travel time spent in this place.
 D = Time resting spent in this place.
 E = Time spent auto-exploring this place.
 F = Levels seen in this place.
 G = Mean time per level.
                   A        B        C        D        E       F      G
               +--------+--------+--------+--------+--------+-----+--------+
         Total |   1456 |   1456 |      0 |      0 |   1051 |   2 |  728.0 |
       Dungeon |   1456 |   1456 |      0 |      0 |   1051 |   2 |  728.0 |
               +--------+--------+--------+--------+--------+-----+--------+

Top non-repeatable levels by time:
     D:1: 1104 daAuts
     D:2: 351 daAuts
